 Dungeon Crawl Stone Soup version 0.31-a0-640-g39d97e502b (webtiles) character file.

Game seed: 6121232485104741897

1063 heikuro the Shield-Bearer (level 8, -8/64 HPs)
             Began as a Formicid Fighter on Aug 29, 2023.
             Was an Initiate of Cheibriados.
             Killed by divine providence
             ... invoked by an orc priest
              (15 damage)
             ... on level 10 of the Dungeon.
             The game lasted 00:12:57 (3966 turns).

heikuro the Shield-Bearer (Formicid Fighter)        Turns: 3966, Time: 00:12:57

Health: -8/64      AC: 12    Str: 25    XL:     8   Next: 52%
Magic:  8/8        EV:  8    Int:  8    God:    Cheibriados [......]
Gold:   155        SH:  6    Dex: 14    Spells: 7/7 levels left

rFire   . . .        a - +0 war axe
rCold   + . .        c - +0 buckler
rNeg    + . .        j - +0 chain mail
rPois   +            (helmet unavailable)
rElec   .            w - +0 cloak
rCorr   .            m - +0 pair of gloves
SInv    +            (no boots)
Will    +....        (no amulet) Stlth
                     n - ring "Uschuc" {rPois rC+ Will+}
HPRegen 0.30/turn    B - ring of positive energy
MPRegen 0.11/turn

%: no passive effects
@: mighty, very slow
A: permanent stasis, dig shafts and tunnels, antennae 3, four strong arms
a: Dig, Shaft Self, Renounce Religion


You were on level 10 of the Dungeon.
You worshipped Cheibriados.
Cheibriados was noncommittal.
You visited 2 branches of the dungeon, and saw 9 of its levels.

You collected 155 gold pieces.

Inventory:

Hand Weapons
 a - a +0 war axe (weapon)
 l - a +1 dagger of draining
Missiles
 v - 7 poisoned darts
Armour
 b - a +0 scale mail
 c - a +0 buckler (worn)
 j - a +0 chain mail (worn)
 m - a +0 pair of gloves (worn)
 w - a +0 cloak (worn)
Jewellery
 n - the ring "Uschuc" (left hand) {rPois rC+ Will+}
   (You found it on level 2 of the Dungeon)

   [ring of protection from cold]

   rC+:       It protects you from cold.
   rPois:     It protects you from poison Will+: It increases your willpower.
 t - a ring of flight
 B - a ring of positive energy (right hand)
Scrolls
 e - 2 scrolls of fog {unknown}
 h - 2 scrolls of amnesia
 k - 2 scrolls of identify {unknown}
 o - 2 scrolls of silence {unknown}
 r - 3 scrolls of fear {unknown}
 s - 2 scrolls of enchant armour {unknown}
 x - a scroll of revelation {unknown}
 y - a scroll of teleportation {unknown}
 z - a scroll of blinking {unknown}
Potions
 d - 3 potions of might
 f - a potion of cancellation {unknown}
 g - a potion of enlightenment {unknown}
 i - 2 potions of curing {unknown}
 p - a potion of attraction {unknown}
 q - 2 potions of lignification {unknown}
 u - 2 potions of haste {unknown}
 A - a potion of resistance {unknown}


   Skills:
 + Level 6.1 Fighting
 + Level 5.0 Axes
 + Level 6.1 Armour
 + Level 7.3 Shields


You had 7 spell levels left.
You didn't know any spells.
Your spell library contained the following spells:

 Spells                   Type           Power      Damage    Failure   Level
 Scorch                   Fire           0%         2d5       98%         2
 Flame Wave               Conj/Fire      0%         2d4       100%        4
 Summon Cactus Giant      Summ           0%         N/A       100%        6


Dungeon Overview and Level Annotations

Branches:
Dungeon (8/15)             Temple (1/1) D:7
   Lair: D:8-11

Altars:
Ashenzari
Cheibriados
Elyvilon
Fedhas
Gozag
Hepliaklqana
Kikubaaqudgha
Makhleb
Nemelex Xobeh
Qazlal
Ru
Sif Muna
Trog
Uskayaw
Vehumet
Wu Jian
Xom
Yredelemnul
Zin
The Shining One

Shops:
D:2 (

Annotations:
D:5 Eustachio


Innate Abilities, Weirdness & Mutations

You cannot be hasted, slowed, berserked, paralysed or teleported.
You can dig through walls and to a lower floor.
You have a pair of large antennae on your head. (SInv)
Your four strong arms can wield two-handed weapons with a shield.


Message History

The yak gores you!
Unknown command.
You slash the yak!
The yak is heavily wounded.
The yak barely misses you.
Unknown command.
You slash the yak!
The yak is severely wounded.
The yak barely misses you.
Unknown command.
You hit the yak.
The yak is almost dead.
The yak gores you but does no damage. The yak gores you!
* * * LOW HITPOINT WARNING * * *
Unknown command.
You hit the yak.
The yak is almost dead.
The yak barely misses you.
Unknown command.
You hit the yak.
You kill the yak!
Cheibriados appreciates the change of pace.
Your Fighting skill increases to level 6!
Your Axes skill increases to level 5!
Your Armour skill increases to level 6!
Unknown command.
Okay, then.
You slash the orc warrior!
The orc warrior is moderately wounded.
The orc warrior hits you with a +0 mace.
* * * LOW HITPOINT WARNING * * *
You barely miss the yak.
The yak is lightly wounded.
The yak gores you.
* * * LOW HITPOINT WARNING * * *
Unknown command.
The yak barely misses you.
You begin to dig a shaft.
You continue digging a shaft.
The orc priest calls down the wrath of Beogh upon you.
Beogh smites you!
You die...

##################
#................#
#.##############.# #.#
#.# #.# #@# #.# #Y#
#.####### #>.{oYY#
#.......# #...oo.#
#.......####.#.....
#.......#....#......
#.......#.......<....
#.......#......#....).
#.......#..............


You could see 3 yaks, an orc warrior, an orc priest and an orc.

Vanquished Creatures
  4 yaks (D:10)
  An orc warrior (D:8)
  A phantom (D:5)
  A bullfrog (D:7)
  Jessica (D:3)
  Natasha (thrice) (D:2)
  An iguana (D:5)
  6 adders
  2 dart slugs
  4 orcs
  5 ball pythons
  6 endoplasms
  A giant cockroach (D:2)
  8 goblins
  9 hobgoblins
  4 jackals (D:3)
  5 kobolds
  A quokka (D:3)
  5 bats
  4 frilled lizards
  4 rats
76 creatures vanquished.

Notes
Turn   | Place    | Note
-------+----------+-------------------------------------------
     0 | D:1      | heikuro the Formicid Fighter began the quest for the Orb.
     0 | D:1      | Reached XP level 1. HP: 18/18 MP: 1/1
   189 | D:1      | Reached XP level 2. HP: 13/24 MP: 2/2
   473 | D:1      | Reached XP level 3. HP: 29/29 MP: 3/3
   763 | D:2      | Identified the ring "Uschuc" {rPois rC+ Will+}
   880 | D:2      | Reached XP level 4. HP: 37/37 MP: 4/4
   953 | D:2      | Found Nooniq's Weapon Shop.
  1358 | D:3      | Noticed Jessica
  1359 | D:3      | Killed Jessica
  1360 | D:3      | Reached XP level 5. HP: 42/42 MP: 5/5
  1520 | D:3      | Noticed Natasha
  1532 | D:2      | Killed Natasha
  1533 | D:2      | Reached skill level 5 in Shields
  1598 | D:2      | Noticed Natasha
  1604 | D:2      | Killed Natasha
  1870 | D:2      | Noticed Natasha
  1875 | D:2      | Killed Natasha
  1988 | D:3      | Reached XP level 6. HP: 49/49 MP: 6/6
  2205 | D:3      | Found a shimmering altar of Xom.
  2595 | D:4      | Found an ancient bone altar of Kikubaaqudgha.
  2596 | D:4      | Found a radiant altar of Vehumet.
  2596 | D:4      | Found a blossoming altar of Fedhas.
  2596 | D:4      | Found a white marble altar of Elyvilon.
  3161 | D:5      | Entered Level 5 of the Dungeon
  3334 | D:5      | Noticed Eustachio
  3348 | D:5      | You fall into a shaft and drop 3 floors!
  3383 | D:8      | Noticed an orc warrior
  3396 | D:8      | Killed an orc warrior
  3397 | D:8      | Reached skill level 5 in Fighting
  3397 | D:8      | Reached skill level 5 in Armour
  3397 | D:8      | Reached skill level 6 in Shields
  3397 | D:8      | Reached XP level 7. HP: 5/56 MP: 7/7
  3617 | D:7      | Found a staircase to the Ecumenical Temple.
  3623 | Temple   | Entered the Ecumenical Temple
  3684 | Temple   | Became a worshipper of Cheibriados the Contemplative
  3703 | D:7      | Noticed an acid dragon
  3710 | D:7      | HP: 2/56 [acid dragon (5)]
  3712 | D:7      | You fall into a shaft and drop 3 floors!
  3712 | D:10     | Entered Level 10 of the Dungeon
  3941 | D:10     | Noticed a yak
  3941 | D:10     | Noticed a yak
  3941 | D:10     | Noticed a yak
  3941 | D:10     | Noticed a yak
  3941 | D:10     | Noticed a yak
  3942 | D:10     | Noticed a yak
  3942 | D:10     | Noticed a yak
  3949 | D:10     | Killed a yak
  3954 | D:10     | Killed a yak
  3955 | D:10     | Reached XP level 8. HP: 31/64 MP: 8/8
  3956 | D:10     | Killed a yak
  3957 | D:10     | Reached skill level 7 in Shields
  3962 | D:10     | Killed a yak
  3963 | D:10     | Reached skill level 5 in Axes
  3966 | D:10     | Killed from afar by an orc priest

Illustrated notes

Levels and vault maps discovered:
D:1:      erik_arrival_orb_chamber, layout_basic
D:2:      layout_basic, serial_aquarium, aquarium_bridge_island_small
          [aquarium_subvault_small_open, aquarium_subvault_bridge,
          aquarium_subvault_bridge, aquarium_subvault_wall,
          aquarium_subvault_window], aquarium_window_1, aquarium_window_fake,
          aquarium_view_2f, aquarium_pool_2, serial_shops, shop_statue
D:3:      layout_loops_ring, old_standard_altar, minivault_27, uniq_natasha,
          uniq_jessica
D:4:      layout_gridville, grunt_temple_overflow_open
D:5:      layout_rooms, uniq_crazy_yiuf_cottage, uniq_eustachio
D:7:      kennysheep_big_flooded_room, layout_cave_pools,
          minmay_temple_entry_grid, serial_rivers,
          chequers_serial_rivers_small_b, chequers_serial_rivers_marsh,
          chequers_serial_rivers_micro_c, chequers_serial_rivers_micro_e
D:8:      layout_rooms, serial_shops, nicolae_shop_statue_plus,
          nicolae_shop_rolling_square, shop, shop, nicolae_shop_peninsula,
          uniq_psyche, uniq_maggie
D:10:     minmay_spotlight, layout_basic, nicolae_dithmenos_shadow_blocks,
          gammafunk_ghost_arena, minmay_shop_mass
Temple:   nicolae_temple_superstar

Skill      XL: |  1  2  3  4  5  6  7  8 |
---------------+-------------------------+-----
Fighting       | 4 5 6 |  6.1
Armour         | 4 5 6 |  6.1
Axes           | 3 4 5 |  5.0
Shields        | 5 6 7 |  7.3

Action                     |  1- 3 |  4- 6 |  7- 9 || total
---------------------------+-------+-------+-------++-------
  Melee: War axe           |    63 |   143 |    27 ||   233
Ability: Shaft Self        |       |     1 |     2 ||     3
    Use: Scroll            |       |     1 |       ||     1
         Potion            |       |       |     1 ||     1
 Armour: Scale mail        |     9 |       |       ||     9
         Chain mail        |    20 |    99 |    12 ||   131
  Dodge: Dodged            |    28 |    59 |    11 ||    98
  Block: Buckler           |    17 |    39 |     9 ||    65

Table legend: (Time is in decaauts)
 A = Elapsed time spent in this place.
 B = Non-inter-level travel time spent in this place.
 C = Inter-level travel time spent in this place.
 D = Time resting spent in this place.
 E = Time spent auto-exploring this place.
 F = Levels seen in this place.
 G = Mean time per level.
                   A        B        C        D        E       F      G
               +--------+--------+--------+--------+--------+-----+--------+
         Total |   4069 |   3857 |    212 |    424 |   2309 |   9 |  452.1 |
       Dungeon |   3991 |   3826 |    165 |    424 |   2309 |   8 |  498.9 |
        Temple |     77 |     30 |     47 |      0 |      0 |   1 |   77.0 |
               +--------+--------+--------+--------+--------+-----+--------+

Top non-repeatable levels by time:
     D:2: 1036 daAuts
     D:1: 774 daAuts
     D:3: 772 daAuts
     D:4: 645 daAuts
    D:10: 271 daAuts
     D:8: 233 daAuts
     D:5: 194 daAuts
  Temple: 77 daAuts
     D:7: 62 daAuts
